 Dungeon Crawl Stone Soup version 0.30-a0-937-ga0a21ad780 (webtiles) character file.

Game seed: 3502182294510351097

39 Zenkrye the Poker (level 3, -2/43 HPs)
             Began as a Human Cinder Acolyte on Mar 24, 2023.
             Was a High Priest of Ignis.
             Slain by Sigmund
             ... wielding a +0 scythe
              (6 damage)
             ... on level 2 of the Dungeon.
             The game lasted 00:04:12 (1327 turns).

Zenkrye the Poker (Human Cinder Acolyte)            Turns: 1327, Time: 00:04:13

Health: -2/43      AC: 21    Str: 16    XL:     3   Next: 70%
Magic:  4/4        EV:  2    Int: 14    God:    Ignis [*****.]
Gold:   175        SH:  0    Dex:  8    Spells: 2/4 levels left

rFire   + . .      SeeInvis .    a - -1 spear (flame)
rCold   + . .      Faith    .    (no shield)
rNeg    . . .      Spirit   .    j - melded +0 ring mail
rPois   +          Reflect  .    (helmet currently unavailable)
rElec   .          Rampage  .    (cloak currently unavailable)
rCorr   +          NoTele   +    (gloves currently unavailable)
Will    .....                    (boots currently unavailable)
Stlth   +                        (no amulet)
HPRegen 0.27/turn                r - ring of resist corrosion
MPRegen 0.09/turn                c - ring of protection from cold

@: mighty, tree-form, invisible
A: stationary, stasis, torment immunity, boosted hp
a: Renounce Religion, Fiery Armour, Foxfire Swarm, Rising Flame


You were on level 2 of the Dungeon.
You worshipped Ignis.
Ignis was extremely pleased with you.
You were a tree.
You visited 1 branch of the dungeon, and saw 2 of its levels.

You collected 175 gold pieces.

Inventory:

Hand Weapons
 a - a -1 spear of flaming (weapon)
Armour
 b - a +0 robe
 j - a +0 ring mail (melded)
Jewellery
 c - a ring of protection from cold (right branch)
 r - a ring of resist corrosion (left branch)
Scrolls
 e - a scroll of enchant armour {unknown}
 l - 2 scrolls of teleportation {@r3}
Potions
 f - a potion of curing {unknown}
 k - a potion of mutation {unknown}


   Skills:
 - Level 3.0 Fighting
 + Level 4.4 Polearms
 - Level 1.0 Spellcasting
 - Level 3.0 Fire Magic


You had 2 spell levels left.
You knew the following spells:

 Your Spells              Type           Power      Damage    Failure   Level
a - Scorch                Fire           18%        2d5       12%         2

Your spell library contained the following spells:

 Spells                   Type           Power      Damage    Failure   Level


Dungeon Overview and Level Annotations

Branches:
Dungeon (2/15)

Altars:

Annotations:
D:2 Sigmund


Message History

The puff of flame misses you.
A jackal comes into view.
A jackal comes into view.
Found a dagger.
The jackal barks!
You hear a bark!
You hit the jackal but do no damage.
The jackal bites you but does no damage.
The jackal barely misses you. Something hits you.
You miss something. The jackal barely misses you.
You hit something but do no damage. The jackal closely misses you.
Something hits you!
The jackal bites you but does no damage.
You closely miss something.
A jackal comes into view.
The jackal bites you but does no damage.
Something hits you.
You miss something.
The jackal barks!
The jackal completely misses you.
You miss something. The jackal barely misses you. Something hits you.
* * * LOW HITPOINT WARNING * * *
Really quaff the potion of lignification?
You turn into a tree.
Your +0 ring mail melds into your body.
Your roots penetrate the ground.
The jackal bites you but does no damage. x2
Unknown command.
It was a potion of invisibility.
You fade into invisibility!
Something hits you but does no damage.
The jackal bites you but does no damage.
It was a potion of flight.
Your roots keep you in place.
The jackal bites you but does no damage.
Something hits you!
* * * LOW HITPOINT WARNING * * *
It was a potion of might.
You feel very mighty all of a sudden. The jackal barely misses you.
You miss the jackal. Something hits you.
You die...

.. ## .. ### ..# . #.. .)
#.#.#.. .#.#. .h. ###########
#h# ..........# #h#
#.#.#..###### #♣# ....#.......#
#{# #......####.# #.#
.......####.####.# ############
##..##.##........# ##.#.<.......
##..........########.#..########
###......#..# #...###.## #
####.>....# #..## ##.# ####
###...## #.#.###.##


You could see 3 jackals.

Vanquished Creatures
  An adder (D:2)
  4 endoplasms
  2 giant cockroaches (D:2)
  3 goblins (D:1)
  5 hobgoblins
  A quokka (D:1)
  3 ball pythons
  2 bats (D:2)
  A frilled lizard (D:1)
  4 kobolds
  A rat (D:1)
27 creatures vanquished.

Notes
Turn   | Place    | Note
-------+----------+-------------------------------------------
     0 | D:1      | Zenkrye the Human Cinder Acolyte began the quest for the
                  | Orb.
     0 | D:1      | Reached XP level 1. HP: 18/18 MP: 2/2
   228 | D:1      | Reached XP level 2. HP: 24/24 MP: 3/3
   276 | D:1      | Learned a level 2 spell: Scorch
   744 | D:2      | Noticed Sigmund
   891 | D:2      | Reached skill level 4 in Polearms
   891 | D:2      | Reached XP level 3. HP: 26/29 MP: 4/4
  1327 | D:2      | Slain by Sigmund

Illustrated notes

Levels and vault maps discovered:
D:1:      dpeg_arrival_rhombi, layout_rooms
D:2:      layout_loops_cross, uniq_crazy_yiuf_cottage, uniq_sigmund

Skill      XL: |  1  2 |
---------------+-------+-----
Polearms       | 4 |  4.4
Fighting       | |  3.0
Spellcasting   | |  1.0
Fire Magic     | |  3.0

Action                     || total
---------------------------++-------
  Melee: Spear             ||   121
  Throw: Dart              ||     3
   Cast: Scorch            ||     4
    Use: Scroll            ||     4
         Potion            ||     4
 Armour: Ring mail         ||    26
         Robe              ||     2
         Skin              ||     5
  Dodge: Dodged            ||    51

Table legend: (Time is in decaauts)
 A = Elapsed time spent in this place.
 B = Non-inter-level travel time spent in this place.
 C = Inter-level travel time spent in this place.
 D = Time resting spent in this place.
 E = Time spent auto-exploring this place.
 F = Levels seen in this place.
 G = Mean time per level.
                   A        B        C        D        E       F      G
               +--------+--------+--------+--------+--------+-----+--------+
         Total |   1315 |   1239 |     76 |     23 |    887 |   2 |  657.5 |
       Dungeon |   1315 |   1239 |     76 |     23 |    887 |   2 |  657.5 |
               +--------+--------+--------+--------+--------+-----+--------+

Top non-repeatable levels by time:
     D:1: 713 daAuts
     D:2: 602 daAuts
